 Dungeon Crawl Stone Soup version 0.22-a0-525-gf69a0803ab (webtiles) character file.

20 Bikalo the Insei (level 2, 0/18 HPs)
             Began as an Octopode Transmuter on June 21, 2018.
             Slain by a jackal (3 damage)
             ... on level 1 of the Dungeon.
             The game lasted 00:02:43 (590 turns).

Bikalo the Insei (Octopode Transmuter)               Turns: 590, Time: 00:02:45

Health: 0/18       AC:  1    Str:  9    XL:     2   Next: 79%
Magic:  4/5        EV: 12    Int: 15    God:
Gold:   0          SH:  3    Dex: 12    Spells: 4/5 levels left

rFire    . . .     SeeInvis .     - Unarmed
rCold    . . .     Gourm    .   f - +0 buckler
rNeg     . . .     Faith    .   (helmet restricted)
rPois    .         Spirit   .   (no amulet)
rElec    .         Reflect  .   h - ring of wizardry
rCorr    .         Harm     .   (no ring)
MR       .....                  (no ring)
Stlth    ++........             (no ring)
HPRegen  0.06/turn              (no ring)
MPRegen  0.09/turn              (no ring)
                                (no ring)
                                (no ring)

@: appendage
A: almost no armour, stealthy swim, amphibious, 8 rings, constrict 8, tentacle
spike 3, camouflage 1, gelatinous body 1
a: End Transformation


You were on level 1 of the Dungeon.
You were not hungry.
One of your tentacles had a temporary spike.
You visited 1 branch of the dungeon, and saw 1 of its levels.

Inventory:

Missiles
 a - 12 arrows
Armour
 f - a +0 buckler (worn)
Jewellery
 h - a ring of wizardry (left tentacle)
Scrolls
 d - 4 scrolls of identify {unknown}
Potions
 b - a potion of brilliance {unknown}
 e - a potion of agility {unknown}
 i - a potion of invisibility {unknown}
Comestibles
 c - 3 rations


   Skills:
 - Level 1.3 Fighting
 + Level 2.2 Dodging
 + Level 0.0 Stealth
 + Level 0.0 Shields
 * Level 3.4 Unarmed Combat
 - Level 2.0 Spellcasting
 + Level 2.2 Transmutations


You had 4 spell levels left.
You knew the following spells:

 Your Spells              Type           Power        Failure   Level  Hunger
a - Beastly Appendage     Tmut           #.....       6%          1    #......

Your spell library contained the following spells:

 Spells                   Type           Power        Failure   Level  Hunger
 Spider Form              Tmut/Pois      #.........   26%         3    ###....
 Blade Hands              Tmut           #.........   82%         5    ######.
 Ice Form                 Ice/Tmut       #.......     65%         4    #####..
 Sticks to Snakes         Tmut           #.......     9%          2    ###....


Dungeon Overview and Level Annotations

Branches:
Dungeon (1/15)

Altars:


Innate Abilities, Weirdness & Mutations

You cannot wear most types of armour.
You are very stealthy in the water. (Stealth+)
You are amphibious.
You can wear up to eight rings at the same time.
You can use your tentacles to constrict eight enemies at once.
Your skin changes colour to match your surroundings (Stealth+).
Your rubbery body absorbs attacks. (AC +1, EV +1)
One of your tentacles bears a large vicious spike.


Message History

You miss the jackal. You grab the jackal.
You pierce the jackal.
The jackal is moderately wounded.
You constrict the jackal, but do no damage.
The jackal barely misses you.
You tentacle-slap the jackal.
You pierce the jackal, but do no damage.
You kill the jackal!
The jackal bites you. x2
You are too injured to fight recklessly!
You are too injured to fight recklessly!
The jackal bites you.
* * * LOW HITPOINT WARNING * * *
The jackal barely misses you. The jackal closely misses you.
You tentacle-slap the jackal. You grab the jackal.
You pierce the jackal.
The jackal is heavily wounded.
You constrict the jackal, but do no damage.
The jackal bites you.
* * * LOW HITPOINT WARNING * * *
The jackal bites you.
You die...

........###########....
.......................
....................... #
..#.#........##...#.#.
..#####.#........##...#.#.
.................##^..#.#.
.................)........
#......h....##########.##
#......h@...###### #.#.
........h###......# #.#.
.........# #......# #.#.
.........# #......#####'#.
...####### #..............
.. #.............. .
#..............
#####..........
#.............


You could see 3 jackals.

Vanquished Creatures
  A dart slug (D:1)
  A leopard gecko (D:1)
  A giant cockroach (D:1)
  A hobgoblin (D:1)
  4 jackals (D:1)
  2 kobolds (D:1)
  3 goblins (D:1)
  2 rats (D:1)
15 creatures vanquished.

Notes
Turn   | Place    | Note
-------+----------+-------------------------------------------
     0 | D:1      | Bikalo the Octopode Transmuter began the quest for the Orb.
     0 | D:1      | Reached XP level 1. HP: 13/13 MP: 3/3
   245 | D:1      | Reached XP level 2. HP: 12/18 MP: 3/5
   590 | D:1      | Slain by a jackal

Vault maps used:
D:1:      dpeg_arrival_castle

Action                   || total
-------------------------++-------
Melee: Unarmed           ||    35
       Kick              ||    12
       Constrict         ||    10
       Tentacles         ||     3
       Punch             ||     1
 Cast: Beastly Appendage ||     7
  Use: Scroll            ||     1
 Stab: Sleeping          ||     4
Armor: Skin              ||     1
Dodge: Dodged            ||    23

Table legend:
 A = Spawn XP
 B = Non-spawn XP
 C = Spawn XP percentage of total XP
 D = Spawn monster count
 E = Non-spawn monster count
 F = Spawn count percentage of total count
 G = Total turns spent on level
                    A         B        C        D         E        F      G
               +---------+---------+-------+---------+---------+-------+---------
         Total |       0 |      29 |   0.0 |       0 |      15 |   0.0 |   590
               +---------+---------+-------+---------+---------+-------+---------
           D:1 |       0 |      29 |   0.0 |       0 |      15 |   0.0 |   590
               +---------+---------+-------+---------+---------+-------+---------
